 Dungeon Crawl Stone Soup version 0.25.1-2-g60ff931df9 (webtiles) character file.

Game seed: 879276152950182131

169 Doot the Insei (level 5, -5/33 HPs)
             Began as an Octopode Transmuter on Nov 19, 2020.
             Splashed by a kobold's acid (10 damage)
             ... on level 3 of the Dungeon.
             The game lasted 00:03:45 (2324 turns).

Doot the Insei (Octopode Transmuter)                Turns: 2324, Time: 00:03:47

Health: -5/33      AC:  1    Str: 10    XL:     5   Next: 50%
Magic:  9/9        EV: 14    Int: 15    God:
Gold:   60         SH:  0    Dex: 13    Spells: 5/9 levels left

rFire    . . .     SeeInvis .     - Unarmed
rCold    . . .     Gourm    .   (no shield)
rNeg     . . .     Faith    .   (helmet restricted)
rPois    .         Spirit   .   (no amulet)
rElec    .         Reflect  .   (no ring)
rCorr    .         Harm     .   (no ring)
MR       .....                  (no ring)
Stlth    +++.......             (no ring)
HPRegen  0.11/turn              (no ring)
MPRegen  0.11/turn              (no ring)
                                (no ring)
                                (no ring)

@: appendage
A: almost no armour, stealthy swim, amphibious, 8 rings, constrict 8, tentacle
spike 3, camouflage 1, gelatinous body 1
a: End Transformation


You were on level 3 of the Dungeon.
You were not hungry.
One of your tentacles had a temporary spike.
You visited 1 branch of the dungeon, and saw 4 of its levels.

You collected 60 gold pieces.

Inventory:

Missiles
 a - 12 arrows
 k - 9 poisoned darts (quivered)
Scrolls
 b - a scroll of immolation {unknown}
 d - a scroll of enchant weapon {unknown}
 e - a scroll of enchant armour {unknown}
 g - a scroll of remove curse {unknown}
 h - a scroll of teleportation {unknown}
 i - a scroll of identify {unknown}
 j - 3 scrolls of blinking {unknown}
Comestibles
 c - 4 rations
 f - a chunk of flesh


   Skills:
 + Level 1.0 Fighting
 + Level 2.5 Dodging
 + Level 1.6 Stealth
 + Level 4.5 Unarmed Combat
 + Level 2.9 Spellcasting
 + Level 2.8 Transmutations


You had 5 spell levels left.
You knew the following spells:

 Your Spells              Type           Power        Failure   Level  Hunger
a - Beastly Appendage     Tmut           ##....       6%          1    #......
b - Spider Form           Tmut/Pois      #.........   32%         3    ###....

Your spell library contained the following spells:

 Spells                   Type           Power        Failure   Level  Hunger
 Sticks to Snakes         Tmut           ##......     10%         2    ##.....
 Ice Form                 Ice/Tmut       #.......     75%         4    #####..
 Blade Hands              Tmut           ##........   87%         5    ######.


Dungeon Overview and Level Annotations

Branches:
Dungeon (4/15)
 Temple: D:4-7

Altars:

Annotations:
D:2 Robin
D:3 Ijyb


Innate Abilities, Weirdness & Mutations

You cannot wear most types of armour.
You are very stealthy in the water. (Stealth+)
You are amphibious.
You can wear up to eight rings at the same time.
You can use your tentacles to constrict eight enemies at once.
Your skin changes colour to match your surroundings (Stealth+).
Your rubbery body absorbs attacks. (AC +1, EV +1)
One of your tentacles bears a large vicious spike.


Message History

The adder is almost dead.
You constrict the adder. The adder bites you. The adder barely misses you.
You tentacle-slap the adder.
You kill the adder!
The jackal barely misses you.
You closely miss the jackal. Your grab misses the jackal. The jackal bites you.
You bludgeon the jackal!
You kill the jackal!
A kobold comes into view. It is wielding a +0 dagger.
You tentacle-slap the jackal.
You kill the jackal!
The kobold throws a stone.
The stone hits you but does no damage.
The kobold zaps a wand.
The bolt of acid hits the kobold!!
The kobold is splashed with acid!
The acid corrodes the kobold!
The kobold dies!
The bolt of acid hits you!!
Ouch! That really hurt!
* * * LOW HITPOINT WARNING * * *
You are splashed with acid!
You die...

....... .....!. .......
..g.... #########
....... #........#
.......####.........<
.....K.#(............
.....K)@.##........#
.......####........#####
..>..?. #........##...
......# #........##...
.....# #........##...
#.### #........#.... #
##........#.###
#..########.# ##.##
#....#


You could see Ijyb (wandering) and 2 kobolds.

Vanquished Creatures
  A scorpion (D:2)
  6 adders
  2 oozes
  A worm (D:2)
  A dart slug (D:1)
  4 orcs (D:3)
  5 bats
  3 giant cockroaches (D:1)
  5 goblins
  9 hobgoblins
  2 jackals (D:3)
  2 ball pythons (D:2)
  A frilled lizard (D:1)
  4 kobolds
  6 rats
52 creatures vanquished.

Vanquished Creatures (others)
  A kobold (D:3)
1 creature vanquished.

Grand Total: 53 creatures vanquished

Notes
Turn   | Place    | Note
-------+----------+-------------------------------------------
     0 | D:1      | Doot the Octopode Transmuter began the quest for the Orb.
     0 | D:1      | Reached XP level 1. HP: 13/13 MP: 3/3
   155 | D:1      | Reached XP level 2. HP: 18/18 MP: 3/5
   414 | D:2      | Reached XP level 3. HP: 9/23 MP: 3/6
   695 | D:2      | Learned a level 3 spell: Spider Form
  1027 | D:2      | Reached skill level 1 in Stealth
  1173 | D:3      | Noticed Ijyb
  1244 | D:2      | Reached XP level 4. HP: 28/28 MP: 7/7
  1301 | D:2      | Noticed Robin
  1365 | D:2      | Reached skill level 4 in Unarmed Combat
  1598 | D:2      | Reached XP level 5. HP: 26/33 MP: 6/9
  2324 | D:3      | Splashed by a kobold's acid

Illustrated notes

Levels and vault maps discovered:
D:1:      dpeg_arrival_shelter, layout_loops_corners
D:2:      layout_loops_ring, st_stairs_11, small_statue_intersection, uniq_robin
D:3:      minmay_wonky_spiral, layout_rooms, uniq_ijyb
D:4:      layout_cave_pools, lemuel_crystal_altar, first_ration,
          minmay_diced_spiral, uniq_natasha

Skill      XL: |  1  2  3  4 |
---------------+-------------+-----
Stealth        | 1 |  1.6
Unarmed Combat | 4 |  4.5
Fighting       | |  1.0
Dodging        | |  2.5
Spellcasting   | |  2.9
Transmutations | |  2.8

Action                   |  1- 3 |  4- 6 || total
-------------------------+-------+-------++-------
Melee: Unarmed           |    68 |    56 ||   124
       Kick              |    14 |     7 ||    21
       Tentacles         |     8 |     8 ||    16
       Constrict         |    12 |    11 ||    23
       Punch             |     4 |     2 ||     6
 Cast: Beastly Appendage |    16 |    12 ||    28
       Spider Form       |       |     2 ||     2
 Stab: Sleeping          |     5 |     1 ||     6
  Eat: Chunk             |     1 |     4 ||     5
Armor: Skin              |     9 |     2 ||    11
Dodge: Dodged            |    52 |    52 ||   104
